 Dungeon Crawl Stone Soup version 0.30.2 (webtiles) character file.

Game seed: 7911391818866032382

10292 porpoise the Spear-Bearer (level 11, 0/101 HPs)
             Began as a Hill Orc Gladiator on Mar 3, 2024.
             Was a Follower of Fedhas.
             Slain by a minotaur (13 damage)
             ... in a Gauntlet.
             The game lasted 00:30:07 (10752 turns).

porpoise the Spear-Bearer (Hill Orc Gladiator)     Turns: 10752, Time: 00:30:08

Health: 0/101      AC: 21    Str: 22    XL:     11   Next: 59%
Magic:  14/14      EV: 10    Int: 11    God:    Fedhas [*.....]
Gold:   336        SH:  0    Dex: 15    Spells: 10/10 levels left

rFire   + . .        b - +3 spear "Arapn" {heavy, Fly rC+ Dex+3}
rCold   + + .        (no shield)
rNeg    . . .        z - +0 gold dragon scales
rPois   +            y - +2 hat
rElec   .            q - +2 cloak of the Circus Animal {Drain rPois Int+3}
rCorr   .            (no gloves)
SInv    .            (no boots)
Will    .....        (no amulet) Stlth
                     v - +5 ring of evasion
HPRegen 0.36/turn    (no ring)
MPRegen 0.14/turn

%: no teleportation
@: flying
A: no striking features
a: Renounce Religion


You were in a Gauntlet.
You worshipped Fedhas.
Fedhas was aware of your devotion.
You visited 2 branches of the dungeon, and saw 11 of its levels.
You also visited: Gauntlet.

You collected 686 gold pieces.
You spent 350 gold pieces at shops.

Inventory:

Hand Weapons
 a - a +1 trident
 b - the +3 spear "Arapn" (weapon) {heavy, Fly rC+ Dex+3}
   (You found it on level 2 of the Dungeon)

   Dex:       It affects your dexterity (+3).
   rC:        It protects you from cold.
   Fly:       It grants you flight.
 Q - a +3 broad axe
Missiles
 c - 6 datura-tipped darts
 d - 3 throwing nets
 e - a javelin
 A - 49 poisoned darts (quivered)
 P - 3 boomerangs
Armour
 q - the +2 cloak of the Circus Animal (worn) {Drain rPois Int+3}
   (You found it in a Gauntlet)

   Int:       It affects your intelligence (+3).
   rPois:     It protects you from poison.
   Drain:     It drains your maximum health when unequipped.
 y - a +2 hat (worn)
 z - +0 gold dragon scales (worn)
 E - a +2 leather armour of fire resistance
 I - a +0 cloak
 N - an orb of mayhem
 R - +0 steam dragon scales
Jewellery
 v - a +5 ring of evasion (left hand)
Wands
 s - a wand of paralysis (1)
 O - a wand of flame (9)
 V - a wand of polymorph (2)
Scrolls
 f - 4 scrolls of torment
 g - a scroll of poison
 h - 2 scrolls of amnesia
 i - 2 scrolls of enchant armour
 k - a scroll of butterflies
 l - a scroll of immolation
 o - 2 scrolls of silence
 t - a scroll of vulnerability {unknown}
 u - a scroll of brand weapon {unknown}
 x - a scroll of fog
 D - 2 scrolls of blinking
 H - 2 scrolls of enchant weapon
 L - a scroll of teleportation {unknown}
 T - a scroll of fear
 U - a scroll of acquirement {unknown}
Potions
 j - a potion of haste
 m - 2 potions of ambrosia
 n - a potion of invisibility
 p - 4 potions of curing
 r - 3 potions of attraction
 w - 2 potions of magic
 B - 4 potions of mutation
 C - a potion of lignification
 G - a potion of brilliance
 J - a potion of flight
 K - 2 potions of degeneration {unknown}
 M - 2 potions of berserk rage {unknown}
 S - a potion of resistance {unknown}


   Skills:
 * Level 10.8 Fighting
 - Level 14.0 Polearms
 - Level 1.7 Throwing
 * Level 7.8 Armour
 - Level 2.4 Dodging
 + Level 4.1 Invocations
 * Level 4.9 Evocations


You had 10 spell levels left.
You didn't know any spells.
Your spell library contained the following spells:

 Spells                   Type           Power      Damage    Failure   Level
 Sandblast                Erth           0%         2d4       100%        1
 Shock                    Conj/Air       0%         1d3       100%        1
 Slow                     Hex            0%         N/A       100%        1
 Passwall                 Tmut/Erth      0%         N/A       100%        2
 Poisonous Vapours        Pois/Air       0%         N/A       100%        2
 Confusing Touch          Hex            0%         N/A       100%        3
 Mephitic Cloud           Conj/Pois/Air  0%         N/A       100%        3
 Portal Projectile        Hex/Tloc       0%         N/A       100%        3
 Stone Arrow              Conj/Erth      0%         3d7       100%        3
 Swiftness                Air            0%         N/A       100%        3
 Tukima's Dance           Hex            0%         N/A       100%        3
 Vampiric Draining        Necr           0%         2d6       100%        3
 Airstrike                Air            0%         2d(0-16)  100%        4
 Passage of Golubria      Tloc           0%         N/A       100%        4
 Blade Hands              Tmut           0%         N/A       100%        5
 Freezing Cloud           Conj/Ice/Air   0%         6-21      100%        5
 Yara's Violent Unravell  Hex/Tmut       0%         3d3       100%        5


Dungeon Overview and Level Annotations

Branches:
Dungeon (10/15)            Temple (0/1) D:7            Lair (1/5) D:8
Gauntlet (1/1)
    Orc: D:9-12

Altars:
Ashenzari
Elyvilon
Fedhas
Gozag
Makhleb
Nemelex Xobeh
Okawaru
Ru
Sif Muna
Trog
Uskayaw
Vehumet
Wu Jian
Xom
Yredelemnul
The Shining One

Shops:
D:8 **?

Annotations:
D:5 Grinder
D:7 1 runed translucent door, ZoaN's ghost, novice MiFi Gauntlet 10 transporters, exclusion: obsidian statue


Message History

You are too injured to fight recklessly!
You are too injured to fight recklessly!
You completely miss the minotaur.
The minotaur furiously retaliates!
The minotaur headbutts you!
The minotaur is severely wounded.
You hit the minotaur but do no damage.
The minotaur is severely wounded.
The minotaur hits you. The minotaur gores you!
* * * LOW HITPOINT WARNING * * *
You completely miss the minotaur.
The minotaur is severely wounded.
The minotaur barely misses you.
The minotaur gores you but does no damage.
You barely miss the minotaur.
The minotaur is severely wounded.
You hit the minotaur but do no damage.
The minotaur is severely wounded.
The minotaur hits you.
* * * LOW HITPOINT WARNING * * *
The minotaur gores you but does no damage.
You hit the minotaur.
The minotaur is severely wounded.
The minotaur hits you!!
* * * LOW HITPOINT WARNING * * *
The minotaur gores you but does no damage.
You feel better.
The minotaur hits you but does no damage.
The minotaur gores you but does no damage.
You hit the minotaur.
The minotaur is severely wounded.
The minotaur closely misses you. The minotaur gores you!
* * * LOW HITPOINT WARNING * * *
You feel better. The minotaur misses you. The minotaur gores you!
* * * LOW HITPOINT WARNING * * *
You feel better.
The minotaur hits you but does no damage.
The minotaur gores you but does no damage.
You feel better. The minotaur hits you!
You die...
Fedhas appreciates your contribution to the ecosystem.

8#
โ‰ˆ...............ยง#
# ##
8.8.8.8.8.8.8.8.8# #
โ‰ˆ...............โ‰ˆ#
########.#########
#.......# #.#########
#.#.....H.. #.#H# ###
#.#@## ##.# #.#..#
#..# #.##.# #.##
#..#.#####.#
##.#.......#
#.##.######
#...........
############


You could see a minotaur.

Vanquished Creatures
  A two-headed ogre (D:10)
  An apocalypse crab (Gauntlet)
  2 unseen horrors (D:10)
  A rime drake (Lair:1)
  3 cane toads
  Maggie (D:7)
  Prince Ribbit (D:5)
  A troll (D:10)
  A hellwing (Gauntlet)
  A hornet (D:7)
  A polar bear (D:8)
  4 blink frogs
  6 yaks (D:9)
  A vampire (D:10)
  A steam dragon (D:7)
  3 vampire mosquitoes (D:10)
  Menkaure (D:6)
  2 black bears
  3 ice beasts
  5 orc warriors
  An ogre (D:6)
  7 centaurs
  A phantom (D:7)
  4 bullfrogs
  2 kobold brigands
  2 scorpions
  10 wights (D:9)
  11 killer bees
  6 orc priests
  3 hounds
  A sleepcap (D:5)
  2 iguanas (D:6)
  12 orc wizards
  2 hound zombies (D:3)
  A gnoll (D:4)
  10 adders
  An adder zombie (D:3)
  3 worms
  6 dart slugs
  32 orcs
  7 bats
  7 endoplasms
  4 giant cockroaches
  4 goblins
  9 hobgoblins
  15 kobolds
  4 quokkas
  12 ball pythons
  3 frilled lizards
  A quokka zombie (D:3)
  8 rats
231 creatures vanquished.

Vanquished Creatures (collateral kills)
  2 gnolls (D:4)
2 creatures vanquished.

Grand Total: 233 creatures vanquished

Notes
Turn   | Place    | Note
-------+----------+-------------------------------------------
     0 | D:1      | porpoise the Hill Orc Gladiator began the quest for the
                  | Orb.
     0 | D:1      | Reached XP level 1. HP: 18/18 MP: 1/1
   133 | D:1      | Reached XP level 2. HP: 25/25 MP: 2/2
   143 | D:1      | You fall into a shaft and drop 1 floor!
   215 | D:2      | Reached skill level 4 in Polearms
   215 | D:2      | Reached XP level 3. HP: 31/31 MP: 3/3
   436 | D:1      | Found a faded altar of an unknown god.
   907 | D:2      | Reached XP level 4. HP: 31/38 MP: 4/4
  1089 | D:2      | Reached skill level 5 in Polearms
  1187 | D:2      | Identified the +3 spear "Arapn" {heavy, Fly rC+ Dex+3}
  1442 | D:3      | Found a transporter.
  1488 | D:3      | Found a transporter.
  1686 | D:3      | Found a sacrificial altar of Ru.
  1825 | D:3      | Reached XP level 5. HP: 46/46 MP: 5/5
  2101 | D:3      | Found a sparkling altar of Nemelex Xobeh.
  2248 | D:3      | Found a basalt altar of Yredelemnul.
  2385 | D:4      | Reached skill level 6 in Polearms
  2525 | D:4      | Found a shimmering altar of Xom.
  2774 | D:4      | Reached XP level 6. HP: 53/53 MP: 6/6
  3101 | D:5      | Entered Level 5 of the Dungeon
  3157 | D:5      | Noticed Prince Ribbit
  3169 | D:5      | Noticed Grinder
  3177 | D:5      | Killed Prince Ribbit
  3178 | D:5      | Reached skill level 5 in Fighting
  3178 | D:5      | Reached skill level 7 in Polearms
  3178 | D:5      | Reached XP level 7. HP: 8/61 MP: 7/7
  3410 | D:6      | Reached skill level 8 in Polearms
  3417 | D:6      | Reached XP level 8. HP: 55/71 MP: 8/8
  3571 | D:6      | Reached skill level 9 in Polearms
  4340 | D:6      | Found an ornate altar of the Wu Jian Council.
  4603 | D:6      | Noticed Menkaure
  4610 | D:6      | Killed Menkaure
  4611 | D:6      | Reached skill level 10 in Polearms
  4799 | D:6      | Found a glowing golden altar of the Shining One.
  4799 | D:6      | Found an opulent altar of Gozag.
  5195 | D:7      | Noticed a hornet
  5203 | D:7      | Paralysed by a hornet for 3 turns
  5209 | D:7      | Paralysed by a hornet for 3 turns
  5215 | D:7      | Killed a hornet
  5216 | D:7      | Reached XP level 9. HP: 7/81 MP: 9/9
  5599 | D:7      | Reached skill level 11 in Polearms
  5670 | D:7      | Noticed ZoaN's ghost (novice MiFi)
  5673 | D:7      | Found a runed translucent door.
  5764 | D:7      | Found a radiant altar of Vehumet.
  5797 | D:7      | Found a staircase to the Ecumenical Temple.
  6003 | D:7      | Noticed Maggie
  6015 | D:7      | Killed Maggie
  6016 | D:7      | Reached skill level 12 in Polearms
  6016 | D:7      | Reached skill level 1 in Armour
  6413 | D:8      | Found Cubbut's General Store.
  6562 | D:8      | Reached XP level 10. HP: 79/91 MP: 10/10
  6694 | D:8      | Bought a potion of mutation for 96 gold pieces
  6694 | D:8      | Bought a scroll of identify for 24 gold pieces
  6747 | D:8      | Found Tehebeuc's Magic Scroll Shoppe.
  6751 | D:8      | Bought a scroll of identify for 30 gold pieces
  6751 | D:8      | Bought a scroll of identify for 30 gold pieces
  6751 | D:8      | Bought a scroll of identify for 30 gold pieces
  6751 | D:8      | Bought a scroll of identify for 30 gold pieces
  6895 | D:8      | Found a transporter.
  6916 | D:8      | Reached skill level 13 in Polearms
  6971 | D:8      | Found a transporter.
  6971 | D:8      | Found Ikedgh's Assorted Antiques.
  7037 | D:8      | Bought a scroll of identify for 44 gold pieces
  7037 | D:8      | Bought a scroll labelled SYISMU NIFFIJY for 22 gold pieces
  7037 | D:8      | Bought a scroll labelled IPRICSI KUGROSM for 22 gold pieces
  7037 | D:8      | Bought a scroll labelled GUJUCV OTIOMOB for 22 gold pieces
  7195 | D:8      | Found a staircase to the Lair.
  7807 | D:9      | Reached skill level 5 in Armour
  7840 | D:9      | Reached skill level 14 in Polearms
  7850 | D:9      | Reached skill level 1 in Evocations
  8157 | D:9      | Found a broken altar of Ashenzari.
  8161 | D:9      | Found a shimmering blue altar of Sif Muna.
  8162 | D:9      | Found an iron altar of Okawaru.
  8162 | D:9      | Found a bloodstained altar of Trog.
  8163 | D:9      | Found a burning altar of Makhleb.
  8164 | D:9      | Found a white marble altar of Elyvilon.
  8166 | D:9      | Found a hide-covered altar of Uskayaw.
  8167 | D:9      | Found a blossoming altar of Fedhas.
  8170 | D:9      | Became a worshipper of Fedhas Madash
  8188 | D:10     | Entered Level 10 of the Dungeon
  8447 | D:10     | Reached skill level 1 in Invocations
  8492 | D:10     | Killed an unseen horror
  8578 | D:10     | Reached XP level 11. HP: 45/99 MP: 12/12
  8879 | D:10     | Identified the +1 leather armour "Xesucrab" {Contam
                  | *Corrode rElec rPois}
  9166 | D:10     | Noticed a two-headed ogre
  9172 | D:10     | Killed a two-headed ogre
  9173 | D:10     | Reached skill level 10 in Fighting
  9541 | Lair:1   | Entered Level 1 of the Lair of Beasts
  9585 | D:8      | Reached * piety under Fedhas
  9944 | Lair:1   | Found a gate leading to a gauntlet.
  9953 | Gauntlet | Entered a Gauntlet
  9953 | Gauntlet | Found a transporter.
  9953 | Gauntlet | Found a transporter.
  9963 | Gauntlet | Noticed a tengu warrior
  9966 | Gauntlet | Noticed a worldbinder
  9967 | Gauntlet | Found a transporter.
  9967 | Gauntlet | Found a transporter.
 10055 | Gauntlet | Noticed an obsidian statue
 10056 | Gauntlet | Found a transporter.
 10070 | Gauntlet | Found a transporter.
 10070 | Gauntlet | Noticed a reaper
 10072 | Gauntlet | Found a transporter.
 10088 | Gauntlet | Found a transporter.
 10111 | Gauntlet | Noticed a reaper
 10113 | Gauntlet | Found a transporter.
 10120 | Gauntlet | Found a transporter.
 10138 | Gauntlet | Found a transporter.
 10184 | Gauntlet | Found a transporter.
 10186 | Gauntlet | Noticed a thrashing horror
 10186 | Gauntlet | Noticed a thrashing horror
 10206 | Gauntlet | Found a transporter.
 10289 | Gauntlet | Found a transporter.
 10300 | Gauntlet | Found a transporter.
 10314 | Gauntlet | Found a transporter.
 10422 | Gauntlet | Noticed a wolf spider
 10493 | Gauntlet | Identified the +2 cloak of the Circus Animal {Drain rPois
                  | Int+3}
 10725 | Gauntlet | Identified the +6 chain mail "Tabonasm" {rF+ rC+}
 10725 | Gauntlet | Noticed a minotaur
 10747 | Gauntlet | HP: 5/101 [minotaur (19)]
 10750 | Gauntlet | HP: 1/101 [minotaur (12)]
 10752 | Gauntlet | Slain by a minotaur

Illustrated notes

Levels and vault maps discovered:
D:1:      dpeg_arrival_central, layout_basic, ebering_ecumenical_altar_abandoned
D:2:      minmay_inner_zag, layout_rooms
D:3:      gammafunk_wand_slinger, layout_loops_ring,
          mainiacjoe_overflow_catwalk, nicolae_ru_the_path_less_chosen,
          nicolae_yredelemnul_corpse_copse, small_statue_intersection
D:4:      layout_gridville, mainiacjoe_overflow_paths
D:5:      layout_rooms, amethyst_killhole, uniq_grinder, uniq_prince_ribbit1
D:6:      layout_loops_ring, nicolae_overflow_crystal_walls,
          gammafunk_temple_overflow_wave, minmay_chambers_of_fives,
          uniq_menkaure
D:7:      layout_loops_ring, vehumet_altar_wand_db,
          minmay_temple_entry_from_below_a, hellmonk_ghost_happy_afterlife,
          uniq_maggie
D:8:      layout_rooms, lair_entry_dummy, serial_shops, nicolae_shop_drivethru,
          nicolae_shop_tiny_real_fake_doors, shop
D:9:      layout_roguey, minitemple
D:10:     layout_irregular_city
Lair:1:   layout_misc_corridors, gauntlet_entry_generic,
          nicolae_volcano_entry_vermiform
Gauntlet: gammafunk_gauntlet_branching [gammafunk_gauntlet_arena_arrow_garden,
          gammafunk_gauntlet_arena_grid, gammafunk_gauntlet_arena_hedges,
          nicolae_gauntlet_arena_t_cross, nicolae_gauntlet_arena_x,
          gammafunk_gauntlet_arena_split_x,
          gammafunk_gauntlet_arena_split_diamond, nicolae_gauntlet_arena_blocks,
          dreamdust_gauntlet_exit_labyrinth]

Skill      XL: |  1  2  3  4  5  6  7  8  9 10 11 |
---------------+----------------------------------+-----
Fighting       | 3 4 5 6 8 9 10 | 10.8
Polearms       | 4 5 6 7 8 10 12 14 | 14.0
Armour         | 3 6 7 |  7.8
Evocations     | 2 4 |  4.9
Invocations    | 2 4 |  4.1
Throwing       | |  1.7
Dodging        | |  2.4

Action                     |  1- 3 |  4- 6 |  7- 9 | 10-12 || total
---------------------------+-------+-------+-------+-------++-------
  Melee: Trident           |   104 |    52 |       |       ||   156
         Punch             |     3 |       |     2 |     3 ||     8
         Spear             |       |   123 |   253 |   350 ||   726
  Throw: Dart              |       |     5 |     4 |     2 ||    11
  Evoke: Wand              |       |     1 |       |       ||     1
    Use: Scroll            |       |     4 |     5 |    11 ||    20
         Potion            |       |       |     4 |     6 ||    10
   Stab: Sleeping          |     1 |       |     1 |       ||     2
         Petrifying        |       |       |       |     3 ||     3
         Petrified         |       |       |       |     2 ||     2
 Armour: Leather armour    |    18 |       |    37 |     6 ||    61
         Ring mail         |    15 |    53 |     8 |       ||    76
         Gold dragon scale |       |       |       |   166 ||   166
         Skin              |       |       |       |     6 ||     6
  Dodge: Dodged            |    47 |    89 |   184 |   130 ||   450
